 Dungeon Sprint DCSS version 0.27.1-33-g824d729ab1 (webtiles) character file.

Game seed: 10487233928639251999

6290 Hipnos the Imperceptible (level 10, -7/47 HPs)
             Began as a Spriggan Enchanter on Nov 29, 2021.
             Was a High Priest of Dithmenos.
             Mangled by a centaur warrior (10 damage)
             ... in the Dungeon (Sprint I: "Red Sonja").
             The game lasted 00:16:27 (2402 turns).

Hipnos the Imperceptible (Spriggan Enchanter)       Turns: 2402, Time: 00:16:27

Health: -7/47      AC:  5    Str:  4    XL:     10   Next: 63%
Magic:  11/25      EV: 24    Int: 17    God:    Dithmenos [*****.]
Gold:   774        SH:  0    Dex: 19    Spells: 18/30 levels left

rFire    . . .     SeeInvis +   k - +0 short sword (drain)
rCold    . . .     Faith    .   (shield restricted)
rNeg     + . .     Spirit   .   n - +2 robe {rN+}
rPois    .         Reflect  .   (helmet restricted)
rElec    .         Harm     .   l - +0 cloak
rCorr    .         Rampage  .   (gloves unavailable)
Will     +....     NoTele   +   (boots unavailable) Stlth ******++++
                                (no amulet)
HPRegen  0.15/turn              (no ring)
MPRegen  0.19/turn              (no ring)

@: confusing by touch, very slightly contaminated, wreathed by umbra, very quick
A: very small, no large weapons, unfitting armour, see invisible, speed 3
a: Renounce Religion, Shadow Step, Shadow Form


You were in the Dungeon.
You worshipped Dithmenos.
Dithmenos was extremely pleased with you.
You visited 1 branch You collected 1038 gold pieces.
You spent 264 gold pieces at shops.

Inventory:

Hand Weapons
 a - a +1 dagger
 i - a +0 rapier
 k - a +0 short sword of draining (weapon)
Armour
 b - a +0 robe
 l - a +0 cloak (worn)
 n - a +2 robe of positive energy (worn)
Wands
 g - a wand of flame (11)
 j - a wand of charming (10)
Scrolls
 h - a scroll of blinking
 m - a scroll of identify {unknown}
 o - a scroll of summoning {unknown}
 r - a scroll of immolation {unknown}
Potions
 c - 3 potions of curing
 d - a potion of heal wounds
 e - a potion of haste
 f - 2 potions of magic
 p - a potion of brilliance {unknown}
 q - a potion of flight {unknown}


   Skills:
 + Level 2.7 Fighting
 + Level 6.8 Short Blades
 + Level 9.0 Dodging
 * Level 25.6 Stealth
 + Level 10.7 Spellcasting
 + Level 0.4 Conjurations
 + Level 11.9 Hexes
 + Level 4.7 Ice Magic


You had 18 spell levels left.
You knew the following spells:

 Your Spells              Type           Power      Damage    Failure   Level
a - Corona                Hex            54%        N/A       1%          1
b - Ensorcelled Hibernat  Hex/Ice        74%        N/A       1%          2
c - Confusing Touch       Hex            49%        N/A       1%          3
d - Dazzling Flash        Conj/Hex       60%        N/A       1%          3
e - Tukima's Dance        Hex            49%        N/A       1%          3

Your spell library contained the following spells:

 Spells                   Type           Power      Damage    Failure   Level


Dungeon Overview and Level Annotations

Branches:
Dungeon (1/1)

Altars:
Cheibriados
Dithmenos
Elyvilon
Fedhas
Gozag
Hepliaklqana
Kikubaaqudgha
Makhleb
Nemelex Xobeh
Okawaru
Qazlal
Ru
Sif Muna
Trog
Uskayaw
Vehumet
Wu Jian
Xom
Yredelemnul
Zin
The Shining One
Jiyva
Lugonu

Shops:
D [*[


Innate Abilities, Weirdness & Mutations

You are very small and have problems with some larger weapons.
You are too small for most types of armour.
You have supernaturally acute eyesight. (SInv)
You cover ground extremely quickly. (Speed+++)


Message History

There is an open door here.
There is an open door here.
You see here a +0 pair of gloves.
You open the door.
Found 11 gold pieces.
A centaur warrior comes into view.
The centaur warrior shouts! x2
The centaur warrior wields a +0 longbow.
The centaur warrior shoots an arrow.
The arrow barely misses you.
There is an open door here.
You see here a +0 pair of gloves.
Casting: Dazzling Flash (safe; 1% risk of failure)
Confirm with . or Enter, or press ? or * to list all spells.
Your hands begin to glow red.
The centaur warrior wields a +0 shortbow.
The centaur warrior shoots an arrow.
The arrow hits you!!
You emit a cloud of dark smoke.
Casting: Confusing Touch (safe; 1% risk of failure)
Confirm with . or Enter, or press ? or * to list all spells.
The centaur warrior shoots an arrow.
The arrow hits you!!
* * * LOW HITPOINT WARNING * * *
You emit a cloud of dark smoke.
Found a red potion.
Casting: Dazzling Flash (safe; 1% risk of failure)
Confirm with . or Enter, or press ? or * to list all spells.
The centaur warrior shoots an arrow.
The arrow misses you.
The centaur warrior shoots an arrow.
The arrow completely misses you.
Casting: Dazzling Flash (safe; 1% risk of failure)
Confirm with . or Enter, or press ? or * to list all spells.
The centaur warrior is dazzled.
The centaur warrior shoots an arrow.
The arrow hits the centaur warrior!!
Casting: Dazzling Flash (safe; 1% risk of failure)
Confirm with . or Enter, or press ? or * to list all spells.
You miscast Dazzling Flash.
You are very lightly contaminated with residual magic.
Nothing appears to happen.
The centaur warrior shoots an arrow.
The arrow misses you.
The centaur warrior unwields a +0 longbow.
The centaur warrior hits you!
You die...

<.#.)'..#.)'..#__#..'..)#..#§.§§§
..'..#.)'..#..'^.'..#...##'#§####
..#####'#####'#__####)..'..#§# #
..####..#...#.####§!#####..+§#
..#__####..##.#§≈§§§ #+####
..#_____##'#_.+≈§§§§+ ..^
⌠⌠#_.∩...'..._#≈≈c§c# #..°○
###_..__##_.#'##§### ###^9.
#_____###'#(#§@c.### °^.#
###########.####'###.## .^##
∩........'...'.....'.∩# ^.#
##++++####.(.########## ###.###
#.#'#.# #.....# #.((..# #######


You could see 2 centaur warriors.

Vanquished Creatures
  A hydra (D)
  Sonja (D)
  A deep troll (D)
  A lindwurm (D)
  4 demonic crawlers (D)
  2 kobold demonologists (D)
  A slime creature (D)
  Sigmund (D)
  13 hogs (D)
  A yak (D)
  2 floating eyes (D)
  An ogre (D)
  A jelly (D)
  Ijyb (D)
  A ballistomycete spore (D)
32 creatures vanquished.

Vanquished Creatures (others)
  the Lernaean hydra (D)
  2 merfolk sirens (D)
  4 hornets (D)
  A ballistomycete spore (D)
8 creatures vanquished.

Grand Total: 40 creatures vanquished

Notes
Turn   | Place    | Note
-------+----------+-------------------------------------------
     0 | D        | Hipnos the Spriggan Enchanter began the quest for the Orb.
     0 | D        | Reached XP level 1. HP: 9/9 MP: 5/5
     1 | D        | Noticed Ijyb
    10 | D        | Killed Ijyb
    11 | D        | Reached skill level 7 in Stealth
    11 | D        | Reached skill level 5 in Hexes
    11 | D        | Reached XP level 2. HP: 13/13 MP: 5/7
    17 | D        | Learned a level 2 spell: Ensorcelled Hibernation
    56 | D        | Noticed an ogre
    63 | D        | Killed an ogre
    64 | D        | Reached skill level 11 in Stealth
    64 | D        | Reached XP level 3. HP: 16/16 MP: 6/10
    64 | D        | Reached XP level 4. HP: 21/21 MP: 6/11
   108 | D        | Noticed Sigmund
   111 | D        | Killed Sigmund
   112 | D        | Reached skill level 13 in Stealth
   112 | D        | Reached skill level 5 in Spellcasting
   112 | D        | Reached XP level 5. HP: 24/24 MP: 12/14
   123 | D        | Found an ornate altar of the Wu Jian Council.
   123 | D        | Found a shimmering blue altar of Sif Muna.
   125 | D        | Found a radiant altar of Vehumet.
   133 | D        | Reached skill level 5 in Dodging
   133 | D        | Reached skill level 14 in Stealth
   133 | D        | Reached XP level 6. HP: 18/28 MP: 4/15
   253 | D        | Found Tooh's Assorted Antiques.
   253 | D        | Found an ancient bone altar of Kikubaaqudgha.
   253 | D        | Found a hazy altar of Hepliaklqana.
   253 | D        | Found a stormy altar of Qazlal.
   253 | D        | Found a hide-covered altar of Uskayaw.
   253 | D        | Found a blossoming altar of Fedhas.
   253 | D        | Found a bloodstained altar of Trog.
   253 | D        | Found an iron altar of Okawaru.
   253 | D        | Found a basalt altar of Yredelemnul.
   253 | D        | Found a glowing golden altar of the Shining One.
   253 | D        | Found a snail-covered altar of Cheibriados.
   253 | D        | Found a sacrificial altar of Ru.
   253 | D        | Found a glowing silver altar of Zin.
   253 | D        | Found a shadowy altar of Dithmenos.
   253 | D        | Found a white marble altar of Elyvilon.
   253 | D        | Noticed a yak
   254 | D        | Found an opulent altar of Gozag.
   255 | D        | Killed a yak
   256 | D        | Reached skill level 15 in Stealth
   256 | D        | Reached skill level 1 in Ice Magic
   256 | D        | Found a sparkling altar of Nemelex Xobeh.
   267 | D        | Became a worshipper of Dithmenos the Shadowed
   281 | D        | Found a burning altar of Makhleb.
   281 | D        | Found a viscous altar of Jiyva.
   281 | D        | Found a shimmering altar of Xom.
   281 | D        | Found a corrupted altar of Lugonu.
   281 | D        | Noticed a slime creature
   291 | D        | Killed a slime creature
   292 | D        | Reached skill level 16 in Stealth
   292 | D        | Reached XP level 7. HP: 24/32 MP: 13/18
   377 | D        | Noticed a kobold demonologist
   378 | D        | Noticed a kobold demonologist
   381 | D        | Reached skill level 17 in Stealth
   382 | D        | Killed a kobold demonologist
   382 | D        | Reached * piety under Dithmenos
   383 | D        | Reached skill level 18 in Stealth
   383 | D        | Reached skill level 10 in Hexes
   383 | D        | Killed a kobold demonologist
   384 | D        | Reached skill level 1 in Fighting
   384 | D        | Reached XP level 8. HP: 37/37 MP: 19/21
   396 | D        | Noticed a demonic crawler
   396 | D        | Noticed a demonic crawler
   396 | D        | Noticed a demonic crawler
   396 | D        | Noticed a demonic crawler
   398 | D        | Killed a demonic crawler
   399 | D        | Reached skill level 19 in Stealth
   399 | D        | Killed a demonic crawler
   399 | D        | Reached ** piety under Dithmenos
   400 | D        | Reached skill level 20 in Stealth
   600 | D        | Learned a level 3 spell: Confusing Touch
   604 | D        | Learned a level 3 spell: Dazzling Flash
   608 | D        | Learned a level 3 spell: Tukima's Dance
   608 | D        | Noticed Sonja
   612 | D        | Killed Sonja
   613 | D        | Reached skill level 5 in Short Blades
   613 | D        | Reached skill level 21 in Stealth
   613 | D        | Reached XP level 9. HP: 42/42 MP: 21/23
   631 | D        | Found Natosuhiwn's Antique Armour Boutique.
   655 | D        | Bought a cloak for 117 gold pieces
   672 | D        | Noticed a deep troll
   695 | D        | Killed a deep troll
   696 | D        | Reached skill level 22 in Stealth
   908 | D        | Found Duguav's Armour Emporium.
   915 | D        | Bought a +2 robe of positive energy for 147 gold pieces
  1515 | D        | Noticed a lindwurm
  1518 | D        | Killed a lindwurm
  1518 | D        | Reached *** piety under Dithmenos
  1530 | D        | Reached skill level 10 in Spellcasting
  1531 | D        | Reached skill level 23 in Stealth
  1533 | D        | Reached **** piety under Dithmenos
  1536 | D        | Reached XP level 10. HP: 46/46 MP: 23/25
  1559 | D        | Reached skill level 24 in Stealth
  1610 | D        | Killed the 27-headed Lernaean hydra
  1692 | D        | Killed a merfolk siren
  1906 | D        | Reached ***** piety under Dithmenos
  2120 | D        | Reached skill level 25 in Stealth
  2258 | D        | Noticed a 12-headed hydra
  2260 | D        | Killed a 12-headed hydra
  2265 | D        | Killed a merfolk siren
  2291 | D        | Noticed a gargoyle
  2321 | D        | Noticed a centaur warrior
  2396 | D        | Noticed a centaur warrior
  2402 | D        | Mangled by a centaur warrior

Illustrated notes

Levels and vault maps discovered:
D:        dungeon_sprint_1 [red_sonja_temple_1, red_sonja_temple_small_1]

Skill      XL: |  1  2  3  4  5  6  7  8  9 10 |
---------------+-------------------------------+-----
Dodging        | 3 4 5 6 7 9 |  9.0
Stealth        | 7 11 13 14 16 18 21 23 25 | 25.6
Spellcasting   | 3 4 5 6 8 9 10 | 10.7
Hexes          | 5 6 8 9 10 11 | 11.9
Short Blades   | 2 3 4 5 6 |  6.8
Ice Magic      | 1 2 3 4 |  4.7
Fighting       | 1 2 |  2.7
Conjurations   | |  0.4

Action                   |  1- 3 |  4- 6 |  7- 9 | 10-12 || total
-------------------------+-------+-------+-------+-------++-------
Melee: Dagger            |     8 |     4 |     6 |       ||    18
       Short sword       |       |       |    17 |    75 ||    92
 Cast: Ensorcelled Hiber |     1 |     7 |     6 |       ||    14
       Dazzling Flash    |       |       |     2 |    11 ||    13
       Confusing Touch   |       |       |     2 |     3 ||     5
  Use: Potion            |     1 |       |       |       ||     1
 Stab: Sleeping          |     3 |     4 |    14 |     4 ||    25
       Invisible         |       |       |     1 |    10 ||    11
       Distracted        |       |       |     1 |       ||     1
       Confused          |       |       |       |     2 ||     2
Armor: Robe              |     1 |       |     4 |     5 ||    10
Dodge: Dodged            |     4 |     2 |    35 |    83 ||   124
